 Dungeon Crawl Stone Soup version 0.27-a0-1193-g8631133539 (webtiles) character file.

Game seed: 3483491627232223389

86 Zonian the Conjurer (level 4, 31/31 HPs)
             Began as a Human Conjurer on May 26, 2021.
             Was a Follower of Trog.
             Quit the game on level 2 of the Dungeon.
             The game lasted 00:04:55 (3899 turns).

Zonian the Conjurer (Human Conjurer)                Turns: 3899, Time: 00:04:55

Health: 31/31      AC:  3    Str:  7    XL:     4   Next: 78%
Magic:  7/7        EV: 12    Int: 20    God:    Trog [*.....]
Gold:   81         SH:  0    Dex: 11    Spells: 5/8 levels left

rFire    . . .     SeeInvis .   i - +2 whip (elec)
rCold    . . .     Faith    .   (no shield)
rNeg     . . .     Spirit   .   a - +0 robe
rPois    .         Reflect  .   j - +0 helmet
rElec    .         Harm     .   (no cloak)
rCorr    .         Rampage  .   (no gloves)
Will     .....                  (no boots)
Stlth    ++........             (no amulet)
HPRegen  0.10/turn              (no ring)
MPRegen  0.10/turn              (no ring)

@: no status effects
A: no striking features
a: Renounce Religion, Berserk


You were on level 2 of the Dungeon.
You worshipped Trog.
Trog was aware of your devotion.
You visited 1 branch of the dungeon, and saw 2 of its levels.

You collected 81 gold pieces.

Inventory:

Hand Weapons
 g - a +0 short sword
 i - a +2 whip of electrocution (weapon)
Missiles
 c - 8 atropa-tipped darts
Armour
 a - a +0 robe (worn)
 j - a +0 helmet (worn)
Jewellery
 e - the ring of Autumn {rF+ rN+ Str+6 Slay-6 SInv}
   (You acquired it on level 2 of the Dungeon)

   [ring of strength]

   It affects your strength (+6).
   It affects your accuracy and damage with ranged weapons and melee attacks
   (-6).
   It protects you from fire.
   It protects you from negative energy.
   It lets you see invisible.
Scrolls
 d - a scroll of immolation
 f - a scroll of identify
Potions
 b - 2 potions of mutation
 k - a potion of cancellation {unknown}


   Skills:
 + Level 0.9 Fighting
 + Level 0.9 Maces & Flails
 + Level 2.4 Dodging
 - Level 2.1 Stealth
 - Level 2.5 Spellcasting
 - Level 4.9 Conjurations


You had 5 spell levels left.
You knew the following spells:

 Your Spells              Type           Power      Damage    Failure   Level
a - Magic Dart            Conj           88%        1d7       1%          1
b - Searing Ray           Conj           44%        3d4       3%          2

Your spell library contained the following spells:

 Spells                   Type           Power      Damage    Failure   Level
 Dazzling Flash           Conj/Hex       24%        N/A       16%         3
 Fulminant Prism          Conj/Hex       6%         3d7       47%         4
 Iskenderun's Mystic Bla  Conj/Tloc      12%        2d5       47%         4


Dungeon Overview and Level Annotations

Branches:
Dungeon (2/15)

Altars:
Trog


Message History

Unknown command.
The magic dart hits the kobold.
The kobold is severely wounded.
The kobold shouts!
The magic dart hits the kobold.
You kill the kobold!
You can't see any susceptible monsters within range! (Use Z to cast anyway.)
You can't see any susceptible monsters within range! (Use Z to cast anyway.) Unknown command.
An adder comes into view.
An adder is nearby!
Unknown command.
The magic dart hits the adder.
The adder is moderately wounded.
The adder hisses angrily.
The magic dart hits the adder.
The adder is almost dead.
The magic dart hits the adder.
You kill the adder!
You can't see any susceptible monsters within range! (Use Z to cast anyway.)
You can't see any susceptible monsters within range! (Use Z to cast anyway.) Unknown command.
You start resting.
Magic restored.
You start waiting.
Done waiting.
You start waiting.
Done waiting.
Unknown command.
You now have 81 gold pieces (gained 18).
Things that are here:
a +0 short sword; a kobold skeleton
Found a stone staircase leading down.
There is a faded altar of an unknown god here.
There is a faded altar of an unknown god here.
You cannot tell which god this altar belongs to.
Convert to them anyway?
Trog accepts your prayer! Trog welcomes you!
You can now go berserk at will.
Are you sure you want to abandon this character and quit the game? (Confirm with "yes".)

#...# *....,,,*,,,,,,,****,*
##...######*..#.##.*,...,,,*,,,,,
..........##.......*,...,,,*,**,,
............#########..,..,*,**,,
.........###....#....###..,*,*,,,
##...####....)..#.......#,,*,*,,,
*#...#**#..P....#.......##,*,*,,,
......#......P..#......P..**,,,,,
.#...##.........@.........****,**
.#...##......P..#.........** *,*
,##,,..##.......#.......##,* *,*
,,,,##.*#.......#P......#,** *,*
,,,,,.,#.###....#.P..###..****,*
,,,,,**##,#.#########.#**.,,,,,*
,,,,,,,,,,#>,,,,,* *...,,******
*,,,*****,#,****,* *####**
**,,,,,,,,*,****,*


There were no monsters in sight!

Vanquished Creatures
  4 adders (D:2)
  A dart slug (D:2)
  7 ball pythons
  4 endoplasms
  4 giant cockroaches
  3 goblins
  4 hobgoblins
  4 jackals (D:2)
  2 quokkas (D:1)
  2 bats (D:1)
  A frilled lizard (D:1)
  4 kobolds
  4 rats
44 creatures vanquished.

Vanquished Creatures (others)
  9 demonic plants (D:2)
  5 fungi (D:2)
  7 plants (D:2)
  3 withered plants (D:2)
24 creatures vanquished.

Grand Total: 68 creatures vanquished

Notes
Turn   | Place    | Note
-------+----------+-------------------------------------------
     0 | D:1      | Zonian the Human Conjurer began the quest for the Orb.
     0 | D:1      | Reached XP level 1. HP: 13/13 MP: 3/3
   432 | D:1      | Reached XP level 2. HP: 17/19 MP: 0/5
  1862 | D:1      | Reached XP level 3. HP: 24/24 MP: 3/6
  1865 | D:1      | Learned a level 2 spell: Searing Ray
  2827 | D:2      | Identified a scroll of acquirement
  2828 | D:2      | Acquired the ring of Autumn {rF+ rN+ Str+6 Slay-6 SInv}
  2902 | D:2      | Found a faded altar of an unknown god.
  3108 | D:2      | Reached XP level 4. HP: 31/31 MP: 3/7
  3898 | D:2      | Became a worshipper of Trog the Wrathful
  3898 | D:2      | Reached * piety under Trog
  3899 | D:2      | Quit the game

Illustrated notes

Levels and vault maps discovered:
D:1:      wander_arrival_fairy_ring, layout_basic
D:2:      layout_loops_cross, shapermc_ecumenical_altar_gd, minmay_hedge_maze

Action                   |  1- 3 |  4- 6 || total
-------------------------+-------+-------++-------
Melee: Unarmed           |     7 |       ||     7
       Whip              |    10 |     1 ||    11
 Cast: Magic Dart        |    65 |    24 ||    89
  Use: Scroll            |     6 |       ||     6
Armor: Robe              |     6 |       ||     6
Dodge: Dodged            |    17 |     2 ||    19

Table legend: (Time is in decaauts)
 A = Elapsed time spent in this place.
 B = Non-inter-level travel time spent in this place.
 C = Inter-level travel time spent in this place.
 D = Time resting spent in this place.
 E = Time spent auto-exploring this place.
 F = Levels seen in this place.
 G = Mean time per level.
                   A        B        C        D        E       F      G
               +--------+--------+--------+--------+--------+-----+--------+
         Total |   3898 |   3822 |     76 |   2205 |   1236 |   2 | 1949.0 |
       Dungeon |   3898 |   3822 |     76 |   2205 |   1236 |   2 | 1949.0 |
               +--------+--------+--------+--------+--------+-----+--------+

Top non-repeatable levels by time:
     D:1: 2675 daAuts
     D:2: 1223 daAuts
